 Dungeon Crawl Stone Soup version 0.28-a0-1038-g9c4cb8273d (webtiles) character file.

Game seed: 3029136083452828809

1005 benadryl the Poker (level 8, -4/67 HPs)
             Began as a Gnoll Cinder Acolyte on Dec 8, 2021.
             Slain by a fire elemental (10 damage)
             ... created by the fiery vengeance of Ignis
             ... on level 5 of the Dungeon.
             The game lasted 00:11:33 (6004 turns).

benadryl the Poker (Gnoll Cinder Acolyte)           Turns: 6004, Time: 00:11:33

Health: -4/67      AC:  6    Str: 16    XL:     8   Next: 20%
Magic:  14/14      EV: 11    Int: 13    God:
Gold:   178        SH:  0    Dex: 12    Spells: 13/15 levels left

rFire   . . .      SeeInvis .   j - +0 whip (freeze)
rCold   + + .      Faith    .   (no shield)
rNeg    . . .      Spirit   .   c - +1 ring mail
rPois   .          Reflect  .   (no helmet)
rElec   .          Harm     .   (no cloak)
rCorr   .          Rampage  .   (no gloves)
Will    .....                   (no boots)
Stlth   ++........              (no amulet)
HPRegen 0.21/turn               e - ring of protection from cold
MPRegen 0.14/turn               d - ring of protection from cold

@: fire susceptible
A: fangs 1, strong nose, distributed training, thin skeletal structure 1, agile
1
a: no special abilities


You were on level 5 of the Dungeon.
You visited 1 branch of the dungeon, and saw 5 of its levels.

You collected 178 gold pieces.

Inventory:

Hand Weapons
 a - a -1 spear of flaming
 j - a +0 whip of freezing (weapon)
 m - a +1 lajatang
Armour
 c - a +1 ring mail (worn)
Jewellery
 d - a ring of protection from cold (right hand)
 e - a ring of protection from cold (left hand)
 f - an amulet of faith
Scrolls
 i - a scroll of blinking
 n - a scroll of fog
 o - a scroll of enchant weapon
Potions
 b - 4 potions of attraction
 h - a potion of ambrosia
 k - a potion of mutation


   Skills:
 + Level 7.3 Fighting
 + Level 3.0 Short Blades
 + Level 3.0 Long Blades
 + Level 3.0 Axes
 + Level 3.0 Maces & Flails
 + Level 7.3 Polearms
 + Level 3.0 Staves
 + Level 3.0 Slings
 + Level 3.0 Bows
 + Level 3.0 Crossbows
 + Level 3.0 Throwing
 + Level 3.0 Armour
 + Level 3.0 Dodging
 + Level 3.0 Stealth
 + Level 3.0 Shields
 + Level 3.0 Unarmed Combat
 + Level 4.2 Spellcasting
 + Level 2.4 Conjurations
 + Level 2.4 Hexes
 + Level 2.4 Summonings
 + Level 2.4 Necromancy
 + Level 2.4 Translocations
 + Level 2.4 Transmutations
 + Level 6.0 Fire Magic
 + Level 2.4 Ice Magic
 + Level 2.4 Air Magic
 + Level 2.4 Earth Magic
 + Level 2.4 Poison Magic
 + Level 3.3 Invocations
 + Level 3.0 Evocations


You had 13 spell levels left.
You knew the following spells:

 Your Spells              Type           Power      Damage    Failure   Level
a - Scorch                Fire           36%        2d7       4%          2

Your spell library contained the following spells:

 Spells                   Type           Power      Damage    Failure   Level
 Summon Guardian Golem    Hex/Summ       9%         N/A       38%         3
 Orb of Destruction       Conj           4%         9d2       100%        7
 Spellforged Servitor     Conj/Summ      4%         N/A       100%        7


Dungeon Overview and Level Annotations

Branches:
Dungeon (5/15)             Temple (0/1) D:4

Altars:
Makhleb
Wu Jian

Shops:
D:4 [


Innate Abilities, Weirdness & Mutations

You have very sharp teeth.
Your uncanny sense of smell can sniff out nearby items.
Your experience applies equally to all skills.
You have a somewhat thin skeletal structure. (Dex +2, Stealth+)
You are agile. (Dex +2)


Message History

You feel very buoyant.
You fly up into the air.
You aren't carrying any items that you can evoke.
Unknown command.
You hit the ogre. You freeze the ogre.
The ogre is almost dead.
The ogre hits you with a +0 giant club!
You hit the ogre. You freeze the ogre.
You kill the ogre!
You start resting.
You are starting to lose your buoyancy.
You start resting.
You float gracefully downwards.
You start resting. "Betrayer!
Apostate!
Perish!" 2 fire elementals come into view.
There are monsters nearby!
There are monsters nearby!
The fire elemental barely misses you.
The fire elemental completely misses you.
You hit the fire elemental but do no damage.
The fire elemental closely misses you. The fire elemental barely misses you.
You miss the fire elemental. Your bite misses the fire elemental.
The fire elemental hits you. The fire elemental burns you!
You closely miss the fire elemental. The fire elemental misses you.
You miss the fire elemental. The fire elemental hits you.
The fire elemental burns you!
You hit the fire elemental but do no damage.
You punch the fire elemental.
The fire elemental is lightly damaged.
The fire elemental hits you. The fire elemental burns you!
* * * LOW HITPOINT WARNING * * *
The fire elemental barely misses you.
You barely miss the fire elemental. Your bite misses the fire elemental.
The fire elemental is lightly damaged.
The fire elemental hits you. The fire elemental burns you!
* * * LOW HITPOINT WARNING * * *
There is a stone staircase leading down here.
The fire elemental hits you. The fire elemental burns you!
You die...

.####.......###.##### ##
#.#####.# #.# #####.# #.###.#
...##.# #.....# ......# #.#####
......#####.# #### # ##
##.##.......# #.. .##.##
##.##.####### #.#####..... ..
...##.# #@#.......##.#.# #####.#
#E#............ ##.##
#E#..##...##.# #...#
#°#○○...#.#..# #...#
#..°.........# #...#
###.##.##.#### # ####...#####
#....°○☼○○.###.#
...........#########.............
[...............# #.......).##.


You could see 2 fire elementals.

Vanquished Creatures
  Pikel (D:4)
  An ogre (D:5)
  2 lemures (D:4)
  A scorpion (D:5)
  2 water moccasin skeletons
  An orc priest (D:5)
  3 iron imps (D:4)
  Ijyb (D:4)
  A hound skeleton (D:5)
  3 river rats (D:4)
  5 adders
  An ufetubus (D:5)
  An adder skeleton (D:4)
  A worm (D:4)
  3 dart slugs
  6 orcs
  4 bats
  8 endoplasms
  4 giant cockroaches
  5 hobgoblins
  3 jackals (D:1)
  9 kobolds
  6 quokkas
  5 ball pythons
  3 frilled lizards (D:3)
  5 goblins
  6 rats
91 creatures vanquished.

Vanquished Creatures (others)
  110 foxfires
110 creatures vanquished.

Grand Total: 201 creatures vanquished

Notes
Turn   | Place    | Note
-------+----------+-------------------------------------------
     0 | D:1      | benadryl the Gnoll Cinder Acolyte began the quest for the
                  | Orb.
     0 | D:1      | Reached XP level 1. HP: 23/23 MP: 4/4
   356 | D:1      | Reached XP level 2. HP: 27/29 MP: 5/5
  1192 | D:2      | Reached XP level 3. HP: 35/35 MP: 7/7
  1369 | D:2      | Reached skill level 1 in Invocations
  1850 | D:3      | Reached skill level 1 in Short Blades
  1850 | D:3      | Reached skill level 1 in Long Blades
  1850 | D:3      | Reached skill level 1 in Axes
  1850 | D:3      | Reached skill level 1 in Maces & Flails
  1850 | D:3      | Reached skill level 1 in Staves
  1850 | D:3      | Reached skill level 1 in Slings
  1850 | D:3      | Reached skill level 1 in Bows
  1850 | D:3      | Reached skill level 1 in Crossbows
  1850 | D:3      | Reached skill level 1 in Throwing
  1850 | D:3      | Reached skill level 1 in Armour
  1850 | D:3      | Reached skill level 1 in Dodging
  1850 | D:3      | Reached skill level 1 in Stealth
  1850 | D:3      | Reached skill level 1 in Shields
  1850 | D:3      | Reached skill level 1 in Unarmed Combat
  1850 | D:3      | Reached skill level 1 in Evocations
  1850 | D:3      | Reached XP level 4. HP: 38/41 MP: 8/8
  2476 | D:4      | Found Kaeth's Antique Armour Shoppe.
  2485 | D:4      | Reached skill level 1 in Conjurations
  2485 | D:4      | Reached skill level 1 in Hexes
  2485 | D:4      | Reached skill level 1 in Summonings
  2485 | D:4      | Reached skill level 1 in Necromancy
  2485 | D:4      | Reached skill level 1 in Translocations
  2485 | D:4      | Reached skill level 1 in Transmutations
  2485 | D:4      | Reached skill level 1 in Ice Magic
  2485 | D:4      | Reached skill level 1 in Air Magic
  2485 | D:4      | Reached skill level 1 in Earth Magic
  2485 | D:4      | Reached skill level 1 in Poison Magic
  2569 | D:4      | Reached XP level 5. HP: 35/47 MP: 9/9
  2615 | D:4      | Noticed Ijyb
  2627 | D:4      | Killed Ijyb
  2715 | D:4      | Found an ornate altar of the Wu Jian Council.
  2744 | D:4      | Found a staircase to the Ecumenical Temple.
  2786 | D:4      | Found a burning altar of Makhleb.
  2802 | D:4      | Reached XP level 6. HP: 35/53 MP: 9/11
  3729 | D:5      | Entered Level 5 of the Dungeon
  3729 | D:5      | Noticed Pikel
  4194 | D:4      | Killed Pikel
  4195 | D:4      | Reached XP level 7. HP: 28/60 MP: 11/13
  4592 | D:5      | Learned a level 2 spell: Scorch
  4825 | D:5      | Reached XP level 8. HP: 51/67 MP: 3/14
  5275 | D:4      | Fell from the grace of Ignis
  5336 | D:5      | Gained mutation: You are agile. (Dex +2) [potion of
                  | mutation]
  5336 | D:5      | Gained mutation: You have a somewhat thin skeletal
                  | structure. (Dex +2, Stealth+) [potion of mutation]
  6004 | D:5      | Slain by a fire elemental

Illustrated notes

Levels and vault maps discovered:
D:1:      evilmike_arrival_plus, layout_basic
D:2:      layout_basic
D:3:      layout_rooms
D:4:      layout_basic, nicolae_overflow_hidden_temple, demons_altar,
          minmay_temple_entry_statues_fountains, portal_sewer_entry_e,
          nicolae_stop_n_shop_2, uniq_ijyb
D:5:      layout_loops_cross, minmay_misc_feat_five, kennysheep_generic_room_3,
          uniq_pikel

Skill      XL: |  1  2  3  4  5  6  7  8 |
---------------+-------------------------+-----
Invocations    | 1 2 3 |  3.3
Short Blades   | 1 2 3 |  3.0
Long Blades    | 1 2 3 |  3.0
Axes           | 1 2 3 |  3.0
Maces & Flails | 1 2 3 |  3.0
Staves         | 1 2 3 |  3.0
Slings         | 1 2 3 |  3.0
Bows           | 1 2 3 |  3.0
Crossbows      | 1 2 3 |  3.0
Throwing       | 1 2 3 |  3.0
Armour         | 1 2 3 |  3.0
Dodging        | 1 2 3 |  3.0
Stealth        | 1 2 3 |  3.0
Shields        | 1 2 3 |  3.0
Unarmed Combat | 1 2 3 |  3.0
Evocations     | 1 2 3 |  3.0
Spellcasting   | 3 4 |  4.2
Conjurations   | 1 2 |  2.4
Hexes          | 1 2 |  2.4
Summonings     | 1 2 |  2.4
Necromancy     | 1 2 |  2.4
Translocations | 1 2 |  2.4
Transmutations | 1 2 |  2.4
Ice Magic      | 1 2 |  2.4
Air Magic      | 1 2 |  2.4
Earth Magic    | 1 2 |  2.4
Poison Magic   | 1 2 |  2.4
Fighting       | 7 |  7.3
Polearms       | 7 |  7.3
Fire Magic     | 6 |  6.0

Action                   |  1- 3 |  4- 6 |  7- 9 || total
-------------------------+-------+-------+-------++-------
Melee: Spear             |   114 |     5 |     5 ||   124
       Bite              |     6 |     8 |     5 ||    19
       Lajatang          |       |   159 |       ||   159
       Whip              |       |       |    60 ||    60
       Punch             |       |       |     2 ||     2
Throw: Boomerang         |       |       |     2 ||     2
 Cast: Scorch            |       |       |     9 ||     9
Invok: Foxfire Swarm     |     1 |     6 |     2 ||     9
       Rising Flame      |       |       |     1 ||     1
       Renounce Religion |       |       |     1 ||     1
Evoke: Wand              |       |     1 |       ||     1
  Use: Scroll            |       |     6 |     5 ||    11
       Potion            |       |       |     5 ||     5
 Stab: Paralysed         |       |     2 |       ||     2
Armor: Ring mail         |    24 |    65 |    17 ||   106
Dodge: Dodged            |    46 |   102 |    32 ||   180

Table legend: (Time is in decaauts)
 A = Elapsed time spent in this place.
 B = Non-inter-level travel time spent in this place.
 C = Inter-level travel time spent in this place.
 D = Time resting spent in this place.
 E = Time spent auto-exploring this place.
 F = Levels seen in this place.
 G = Mean time per level.
                   A        B        C        D        E       F      G
               +--------+--------+--------+--------+--------+-----+--------+
         Total |   6029 |   5801 |    228 |   2158 |   2622 |   5 | 1205.8 |
       Dungeon |   6029 |   5801 |    228 |   2158 |   2622 |   5 | 1205.8 |
               +--------+--------+--------+--------+--------+-----+--------+

Top non-repeatable levels by time:
     D:4: 2379 daAuts
     D:5: 1211 daAuts
     D:1: 1147 daAuts
     D:3: 647 daAuts
     D:2: 642 daAuts
